 Dungeon Crawl Stone Soup version bcrawl-1.12-8-g964540c432 (webtiles) character file.

Game seed: 13990475039752485678

129 Freyura the Ducker (level 5, -3/36 HPs)
             Began as a Fairy Reaver on June 10, 2019.
             Was a Follower of Vehumet.
             Slain by an orc
             ... wielding a +0 trident
              (9 damage)
             ... on level 3 of the Dungeon.
             The game lasted 00:09:48 (2271 turns).

Freyura the Ducker (Fairy Reaver)                   Turns: 2271, Time: 00:09:48

Health: -3/36      AC:  6    Str:  9    XL:     5   Next: 12%
Magic:  13/13      EV: 19    Int: 19    God:    Vehumet [*.....]
Gold:   113        SH:  4    Dex: 10    Spells: 12/13 levels left

rFire    . . .     SeeInvis .   a - +0 flail
rCold    + . .     Gourm    .   (shield restricted)
rNeg     . . .     Faith    .   (armour unavailable)
rPois    .         Spirit   .   j - +0 helmet
rElec    .         Reflect  .   (no cloak)
rCorr    .         Harm     .   n - +0 pair of gloves
MR       .....                  (no boots)
Stlth    ..........             (no amulet)
HPRegen  0.12/turn              r - +1 ring of evasion
MPRegen  0.13/turn              t - ring of protection from cold

@: flying evasively
A: small, magic attunement, unstealthy, unfitting armour, able to fly, AC/SH +4
a: Stop Flying, Renounce Religion


You were on level 3 of the Dungeon.
You worshipped Vehumet.
Vehumet was aware of your devotion.
You were not hungry.

You visited 1 branch of the dungeon, and saw 3 of its levels.

You collected 113 gold pieces.

Inventory:

Hand Weapons
 a - a +0 flail (weapon)
Missiles
 o - 141 stones (quivered)
Armour
 j - a +0 helmet (worn)
 n - a +0 pair of gloves (worn)
Jewellery
 r - a +1 ring of evasion (left hand)
 t - a ring of protection from cold (right hand)
Scrolls
 c - 3 scrolls of immolation
 e - a scroll of magic mapping {unknown}
 f - a scroll of amnesia {unknown}
 h - a scroll of teleportation {unknown}
 i - a scroll of enchant armour {unknown}
 k - 3 scrolls of identify {unknown}
 l - 4 scrolls of remove curse {unknown}
Potions
 b - a potion of haste
 p - a potion of curing {unknown}
 q - a potion of ambrosia {unknown}
Comestibles
 d - 4 rations {!d}
 s - 2 chunks of flesh


   Skills:
 + Level 3.3 Fighting
 + Level 3.2 Maces & Flails
 + Level 4.9 Dodging
 * Level 4.5 Spellcasting


You had 12 spell levels left.
You knew the following spells:

 Your Spells              Type           Power        Failure   Level  Hunger
a - Sandblast             Erth           #.....       13%         1    None

Your spell library contained the following spells:

 Spells                   Type           Power        Failure   Level  Hunger
 Iskenderun's Battlesphe  Conj/Chrm      #.......     98%         5    None


Dungeon Overview and Level Annotations

Branches:
Dungeon (3/12)

Altars:
Cheibriados
Gozag


Innate Abilities, Weirdness & Mutations

Your spells do not cause hunger and MP costs are reduced by 1.
Your bright wings attract enemies. (Stealth-)
You cannot fit into any form of body armour.
Your shimmering scales are hard and can block incoming attacks. (AC +4, SH +4)
You are small and have problems with some larger weapons.
You can fly continuously.


Message History

You closely miss the orc priest. The quokka completely misses you.
The jackal completely misses you.
The orc priest hits you with a +0 falchion.
* * * LOW HITPOINT WARNING * * *
The quokka completely misses you. The orc hits you but does no damage.
You block the jackal's attack.
It was a potion of heal wounds.
You feel much better. You block the jackal's attack.
The orc priest invokes the aid of Beogh against you.
Beogh smites you! The jackal bites you. The quokka barely misses you.
The orc priest invokes the aid of Beogh against you.
Beogh smites you!
* * * LOW HITPOINT WARNING * * *
A dart slug comes into view.
The orc misses you.
It was a potion of flight.
You feel more buoyant. The quokka misses you.
The orc hits you from afar with a +0 trident!
You die...

..#...##.........................
.......###..####.................
.†.........## #.................
...........# #.........)÷......
..........## ##........÷<......
........### #..........÷<....
......### #................
....### ###...............# .....
#h@oo...##........#
#hro..#.##.)......#
.hSho..............#
..##.oo..............# ...
#...o..###........# .w
...#....##........# . .......o.#
..#.##....


You could see 3 orc priests, an adder, a dart slug, 5 orcs, a quokka and 4
jackals.

Vanquished Creatures
  A hound (D:2)
  2 adders (D:3)
  An ooze (D:1)
  3 worms
  4 dart slugs
  An orc (D:3)
  2 giant cockroaches
  5 goblins
  7 hobgoblins
  5 jackals
  3 quokkas (D:2)
  A ball python (D:3)
  7 bats
  2 frilled lizards (D:2)
  9 kobolds
  3 rats
56 creatures vanquished.

Notes
Turn   | Place    | Note
-------+----------+-------------------------------------------
     0 | D:1      | Freyura the Fairy Reaver began the quest for the Orb.
     0 | D:1      | Reached XP level 1. HP: 15/15 MP: 6/6
   170 | D:1      | Reached XP level 2. HP: 19/20 MP: 8/8
   527 | D:1      | Reached XP level 3. HP: 25/25 MP: 9/9
   934 | D:2      | Found an opulent altar of Gozag.
   985 | D:2      | Reached * piety under Vehumet
   985 | D:2      | Offered knowledge of Sandblast by Vehumet.
  1059 | D:1      | Learned a level 1 spell: Sandblast
  1367 | D:2      | Found a snail-covered altar of Cheibriados.
  1460 | D:2      | Reached XP level 4. HP: 31/31 MP: 11/11
  1901 | D:3      | Reached XP level 5. HP: 6/36 MP: 13/13
  2271 | D:3      | Slain by an orc

Skill      XL: |  1  2  3  4 |
---------------+-------------+-----
Spellcasting   | 3 4 |  4.5
Maces & Flails | 3 |  3.2
Fighting       | 3 |  3.3
Dodging        | |  4.9

Action                   |  1- 3 |  4- 6 || total
-------------------------+-------+-------++-------
Melee: Flail             |   122 |    71 ||   193
 Cast: Sandblast         |    27 |     8 ||    35
  Use: Potion            |       |     2 ||     2
  Eat: Chunk             |     2 |     3 ||     5
Armor: Skin              |    32 |    55 ||    87
Dodge: Dodged            |   143 |   190 ||   333
Block: Other             |    26 |    40 ||    66
